General information
- name: BNet
- type: Ladder team game (AT/RT)
- host: Battle.net
- saver: gggggggggggggg
map: Deadlock
- players: 8
- length: 13:43
- speed: Fast
- version: 1.26 W3XP
- replay type: Public
» download(70 KB)
Players
team 1 (winner)

»
NoobRT (
pink | 42 APM | 573 actions | 13:42)
4 Tauren Chieftain
2 Endurance Aura
2 War Stomp
» actions
| Assign group hotkey | 45 | |
| Basic commands | 14 | |
| Build / train | 54 | |
| Enter build submenu | 10 | |
| Enter hero's abilities submenu | 4 | |
| Give item / drop item | 1 | |
| Remove unit from queue | 2 | |
| Right click | 125 | |
| Select / deselect | 130 | |
| Select group hotkey | 147 | |
| Use ability | 41 | |
573 total
» units
| Peon | 12 | |
| Troll Headhunter/Berserker | 7 | |
| Spirit Walker | 4 | |
| Shaman | 4 | |
| Troll Witch Doctor | 4 | |
31 total
» upgrades
| Ranged Weapons | 1 | |
| Armor | 1 | |
| Troll Regeneration | 1 | |
| Spirit Walker Training | 2 | |
| Shaman Training | 2 | |
| Witch Doctor Training | 2 | |
| Reinforced Defenses | 1 | |
| Berserker Upgrade | 1 | |
11 total
» buildings
| Altar of Storms | 1 | |
| Orc Burrow | 4 | |
| Voodoo Lounge | 1 | |
| War Mill | 1 | |
| Barracks | 1 | |
| Stronghold | 1 | |
| Great Hall | 1 | |
| Spirit Lodge | 2 | |
| Fortress | 1 | |
13 total
» build order
00:47 Altar of Storms
01:01 Orc Burrow
01:45 Voodoo Lounge
01:51 War Mill
02:47 Barracks
03:00 Orc Burrow
03:08 Orc Burrow
03:10 Orc Burrow
04:48 Stronghold
07:07 Great Hall
07:16 Spirit Lodge
07:17 Spirit Lodge
07:50 Fortress
» items
| Healing Salve | 1 | |
| Lesser Clarity Potion | 1 | |
| Boots of Speed | 1 | |
3 total
Makazradon (
orange | 69 APM | 940 actions | 13:42)
5 Death Knight
3 Death Coil
2 Unholy Aura
2 Lich
1 Frost Nova
1 Frost Armor
» actions
| Assign group hotkey | 20 | |
| Basic commands | 4 | |
| Build / train | 37 | |
| ESC pressed | 1 | |
| Enter build submenu | 14 | |
| Enter hero's abilities submenu | 7 | |
| Give item / drop item | 5 | |
| Right click | 460 | |
| Select / deselect | 116 | |
| Select group hotkey | 219 | |
| Use ability | 57 | |
940 total
» units
| Acolyte | 7 | |
| Ghoul | 4 | |
| Crypt Fiend | 4 | |
| Obsidian Statue | 2 | |
17 total
» upgrades
» buildings
| Graveyard | 1 | |
| Crypt | 1 | |
| Ziggurat | 9 | |
| Altar of Darkness | 1 | |
| Tomb of Relics | 1 | |
| Halls of the Dead | 1 | |
| Black Citadel | 1 | |
| Slaughterhouse | 1 | |
| Sacrificial Pit | 1 | |
| Boneyard | 2 | |
19 total
» build order
00:13 Graveyard
00:18 Crypt
00:46 Ziggurat
00:58 Altar of Darkness
01:19 Ziggurat
02:16 Tomb of Relics
04:45 Ziggurat
05:02 Halls of the Dead
06:08 Ziggurat
07:39 Black Citadel
07:45 Slaughterhouse
09:31 Sacrificial Pit
11:47 Boneyard
11:48 Boneyard
12:57 Ziggurat
12:58 Ziggurat
13:00 Ziggurat
13:02 Ziggurat
13:04 Ziggurat
» items
| Rod of Necromancy | 1 | |
| Staff of Teleportation | 1 | |
| Scroll of Healing | 1 | |
| Potion of Lesser Invulnerability | 1 | |
| Lesser Clarity Potion | 1 | |
| Potion of Mana | 1 | |
6 total

»
pie22 (
yellow | 19 APM | 259 actions | 13:42)
2 Demon Hunter
1 Immolation
1 Evasion
» actions
| Basic commands | 6 | |
| Build / train | 28 | |
| Enter build submenu | 24 | |
| Enter hero's abilities submenu | 2 | |
| Right click | 61 | |
| Select / deselect | 117 | |
| Use ability | 21 | |
259 total
» units
| Wisp | 10 | |
| Archer | 6 | |
| Druid of the Claw | 6 | |
22 total
» upgrades
| Druid of the Claw Training | 1 | |
1 total
» buildings
| Moon Well | 10 | |
| Altar of Elders | 1 | |
| Ancient of War | 1 | |
| Hunter's Hall | 1 | |
| Tree of Ages | 1 | |
| Ancient of Lore | 2 | |
| Tree of Eternity | 1 | |
17 total
» build order
00:25 Moon Well
00:39 Altar of Elders
01:10 Moon Well
01:56 Ancient of War
05:37 Hunter's Hall
05:49 Tree of Ages
08:19 Ancient of Lore
08:25 Ancient of Lore
08:38 Moon Well
08:43 Moon Well
08:47 Moon Well
08:50 Moon Well
09:01 Moon Well
09:40 Moon Well
09:45 Moon Well
09:51 Moon Well
12:26 Tree of Eternity
gggggggggggggg (
red | 49 APM | 676 actions | 13:43)
4 Mountain King
2 Storm Bolt
2 Bash
» actions
| Assign group hotkey | 33 | |
| Basic commands | 42 | |
| Build / train | 44 | |
| Enter build submenu | 19 | |
| Enter hero's abilities submenu | 4 | |
| Remove unit from queue | 1 | |
| Right click | 206 | |
| Select / deselect | 192 | |
| Select group hotkey | 100 | |
| Use ability | 35 | |
676 total
» units
| Peasant | 10 | |
| Footman | 14 | |
| Gryphon Rider | 4 | |
28 total
» upgrades
| Masonry | 2 | |
| Animal War Training | 1 | |
3 total
» buildings
| Altar of Kings | 1 | |
| Barracks | 1 | |
| Farm | 9 | |
| Keep | 2 | |
| Scout Tower | 3 | |
| Lumber Mill | 1 | |
| Arcane Tower | 2 | |
| Guard Tower | 2 | |
| Gryphon Aviary | 2 | |
| Castle | 1 | |
| Arcane Vault | 1 | |
| Blacksmith | 1 | |
26 total
» build order
00:04 Altar of Kings
00:08 Barracks
00:10 Farm
01:30 Farm
02:41 Keep
02:48 Farm
02:52 Scout Tower
03:11 Scout Tower
03:15 Lumber Mill
04:14 Arcane Tower
04:37 Arcane Tower
05:53 Guard Tower
05:59 Farm
06:05 Farm
08:03 Gryphon Aviary
08:06 Gryphon Aviary
08:34 Farm
09:05 Castle
09:33 Farm
10:04 Arcane Vault
10:50 Scout Tower
10:56 Farm
11:19 Guard Tower
11:35 Blacksmith
12:43 Farm
team 2 (loser)

»
hiliahili (
green | 50 APM | 263 actions | 05:12)
1 Dark Ranger
1 Black Arrow
» actions
| Assign group hotkey | 7 | |
| Build / train | 15 | |
| Enter build submenu | 6 | |
| Enter hero's abilities submenu | 1 | |
| Right click | 125 | |
| Select / deselect | 47 | |
| Select group hotkey | 54 | |
| Use ability | 8 | |
263 total
» units
| Acolyte | 2 | |
| Ghoul | 4 | |
| Crypt Fiend | 3 | |
| Peasant | 2 | |
11 total
» buildings
| Crypt | 1 | |
| Ziggurat | 2 | |
| Graveyard | 1 | |
| Altar of Darkness | 1 | |
| Tomb of Relics | 1 | |
| Nerubian Tower | 1 | |
| Halls of the Dead | 1 | |
8 total
» build order
00:10 Crypt
00:12 Ziggurat
00:42 Graveyard
00:58 Altar of Darkness
01:28 Ziggurat
02:17 Tomb of Relics
02:23 Nerubian Tower
04:20 Halls of the Dead
Kaelthas7 (
purple | 30 APM | 418 actions | 13:42)
1 Mountain King
1 Storm Bolt
» actions
| Assign group hotkey | 4 | |
| Basic commands | 28 | |
| Build / train | 28 | |
| Enter build submenu | 14 | |
| Enter hero's abilities submenu | 1 | |
| Right click | 74 | |
| Select / deselect | 148 | |
| Select group hotkey | 74 | |
| Use ability | 47 | |
418 total
» units
| Peasant | 13 | |
| Footman | 7 | |
| Rifleman | 1 | |
21 total
» upgrades
» buildings
| Altar of Kings | 1 | |
| Barracks | 2 | |
| Farm | 6 | |
| Lumber Mill | 1 | |
| Scout Tower | 3 | |
| Guard Tower | 3 | |
| Blacksmith | 1 | |
17 total
» build order
00:22 Altar of Kings
00:29 Barracks
00:38 Farm
01:16 Farm
01:28 Lumber Mill
01:58 Farm
03:58 Scout Tower
04:29 Guard Tower
06:32 Farm
07:44 Farm
08:12 Blacksmith
08:30 Farm
08:49 Barracks
08:57 Scout Tower
09:06 Scout Tower
09:36 Guard Tower
09:51 Guard Tower
bibiche25 (
teal | 10 APM | 34 actions | 03:26)
» actions
| Build / train | 4 | |
| Enter build submenu | 5 | |
| Right click | 4 | |
| Select / deselect | 16 | |
| Use ability | 5 | |
34 total
» units
» buildings
| Farm | 3 | |
| Keep | 1 | |
| Altar of Kings | 1 | |
| Barracks | 1 | |
6 total
» build order
00:26 Farm
02:30 Keep
02:32 Altar of Kings
02:35 Barracks
02:38 Farm
02:40 Farm
COWBOYSSUCK (
blue | 33 APM | 454 actions | 13:42)
1 Blademaster
1 Wind Walk
» actions
| Assign group hotkey | 11 | |
| Basic commands | 14 | |
| Build / train | 11 | |
| Enter build submenu | 7 | |
| Enter hero's abilities submenu | 1 | |
| Right click | 189 | |
| Select / deselect | 78 | |
| Select group hotkey | 103 | |
| Use ability | 40 | |
454 total
» units
» buildings
| Altar of Storms | 1 | |
| Orc Burrow | 1 | |
| War Mill | 1 | |
| Voodoo Lounge | 1 | |
| Stronghold | 1 | |
5 total
» build order
00:12 Altar of Storms
00:20 Orc Burrow
01:09 War Mill
01:20 Voodoo Lounge
02:31 Stronghold
» items
Chat log
(00:36 / Allies) gggggggggggggg: plan?
(00:41 / Allies) Makazradon: cc
(01:07 / Allies) gggggggggggggg: whats cc? cool cocks?
(01:22 / Allies) NoobRT: cutt cocks
(01:33 / Allies) Makazradon: creep and counter,,,
(01:38 / Allies) gggggggggggggg: o srry
(01:45 / Allies) gggggggggggggg: ill cutt cocks next time
(01:58 / Allies) NoobRT: cram cookies
(02:03 / Allies) gggggggggggggg: my fav kind
(02:18 / Allies) gggggggggggggg: i have maphack hit top left he has nothing
(02:26 / Allies) gggggggggggggg: straight teching to altar
(02:27 / Allies) Makazradon: seriously?
(02:30 / Allies) gggggggggggggg: yes
(02:31 / Allies) gggggggggggggg: go now
(02:35 / Allies) Makazradon: what color is he
(02:37 / Allies) gggggggggggggg: teal
(02:39 / Allies) NoobRT: crush crackers
(03:29 / All) gggggggggggggg: raped
(04:19 / Allies) Makazradon: lol u actually have mh
(05:09 / All) gggggggggggggg: cocksucker got away with 2 hp
(05:30 / Allies) pie22: mine
(05:45 / All) COWBOYSSUCK: we have no bases
(05:47 / All) COWBOYSSUCK: lawl
(05:49 / All) gggggggggggggg: raped
(05:57 / Allies) Makazradon: they have nothing?
(06:05 / All) COWBOYSSUCK: i finished greens hero with tp staff
(06:09 / All) gggggggggggggg: good
(06:29 / All) COWBOYSSUCK: protect my workers
(06:33 / All) gggggggggggggg: free green xp woot
(07:23 / All) COWBOYSSUCK: make ur towers attack ur main hall
(07:38 / All) gggggggggggggg: why?
(07:43 / All) gggggggggggggg: doing it though
(07:43 / All) COWBOYSSUCK: towers now
(07:44 / All) COWBOYSSUCK: now
(07:49 / All) COWBOYSSUCK: ok im safe
(07:51 / All) COWBOYSSUCK: u can stop now
(08:23 / Allies) Makazradon: lol what
(08:23 / All) COWBOYSSUCK: purple is pretty bad
(08:23 / All) gggggggggggggg: thanks for the food green. newbie team
(08:29 / All) COWBOYSSUCK: greens record was crazy
(08:41 / All) gggggggggggggg: probably does that rush every game
(09:52 / All) COWBOYSSUCK: luck
(10:05 / All) gggggggggggggg: skill tp
(10:38 / All) COWBOYSSUCK: orange needs to relax, his dumbass crept for no reason
(10:42 / All) gggggggggggggg: lol
(11:05 / All) COWBOYSSUCK: last game for me im gonna make food
(11:08 / All) gggggggggggggg: k
(11:15 / All) gggggggggggggg: never go riflesp urp they suck and so do you
(11:33 / All) Kaelthas7: lol thats y blue had 2 bs 4 u
(11:37 / All) Kaelthas7: damn noob
(11:43 / Allies) pie22: dont end
(11:44 / All) gggggggggggggg: talk in english dumbass
(11:45 / All) COWBOYSSUCK: leave purple ur an embarassment
(11:46 / All) Kaelthas7: and u tp out
(11:49 / All) gggggggggggggg: leave idiot
(11:50 / All) Kaelthas7: like a pussy
(12:00 / All) COWBOYSSUCK: purple is mad
(12:02 / All) COWBOYSSUCK: purple is mad
(12:03 / All) COWBOYSSUCK: purple is mad
(12:05 / All) gggggggggggggg: he mad
(12:10 / All) Kaelthas7: if u cant read english ur a dumbass
(12:14 / All) gggggggggggggg: it's chat speak
(12:16 / All) gggggggggggggg: AIM dumbass
(12:26 / All) Kaelthas7: good 4 u
(12:28 / All) Kaelthas7: dumbass
(12:32 / All) gggggggggggggg: u mad
(12:41 / All) Kaelthas7: u dumbass?
(12:45 / All) gggggggggggggg: u lost
(12:50 / All) gggggggggggggg: you got raped hard
(12:50 / All) Kaelthas7: i lose :(
(12:53 / All) gggggggggggggg: your noobie team
(12:54 / All) Kaelthas7: lol
(13:02 / All) Kaelthas7: bs not = raped
(13:02 / All) gggggggggggggg: go practice against ez computers in solo custom game
(13:06 / All) Kaelthas7: ur a dumbass
(13:15 / All) gggggggggggggg: at least I don't suck at this game
(13:17 / All) gggggggggggggg: idiot
(13:19 / All) gggggggggggggg: I won and you lost
(13:21 / All) gggggggggggggg: because you suck
(13:22 / All) Kaelthas7: go pay ur hooker blue
(13:29 / All) Kaelthas7: and stfu
(13:31 / All) gggggggggggggg: hey, at least he gets some
(13:32 / All) gggggggggggggg: you suck
(13:36 / All) gggggggggggggg: literally
(13:37 / All) Kaelthas7: lol kk
(13:38 / All) gggggggggggggg: yourself
(13:40 / All) gggggggggggggg: idiot
(13:41 / All) Kaelthas7: noob dumbass